Map: Forteresse de fer EC

Players

AgCl

  • Race: Protoss Protoss
  • League: Grandmaster

GaGou - Winner!

  • Race: Zerg Zerg
  • League: Grandmaster

VOD

Have the link to the VOD?

Description

Time

  • Played on: June 9, 2015, 10:54 p.m.
  • Length: 11:43
Show
View Real Time Build Order
Export as new Build Order

AgCl Protoss 

Build Orders: Oracle Opening, Oracle Opening, Carrier Rush 

Get SALT Encoding   

  12  0:15  Pylon  
  12  0:16  Probe  
  13  0:27  Assimilator  
  13  0:40  Probe  
  14  0:42  Gateway  
  14  0:52  Probe (Chrono Boost)  
  15  1:03  Probe (Chrono Boost)  
  16  1:09  Probe (Chrono Boost)  
  17  1:14  Pylon  
  17  1:21  Probe  
  18  1:32  Zealot (Chrono Boost)  
  20  1:33  Probe  
  21  1:45  Probe  
  21  1:51  Assimilator  
  21  1:52  Cybernetics Core  
  22  2:06  Probe  
  22  2:23  Probe (Chrono Boost)  
  23  2:33  Probe (Chrono Boost)  
  24  2:39  Nexus  
  24  2:43  Stargate  
  23  2:48  Warp Gate (Chrono Boost)  
  23  2:51  Adept  
  25  2:53  Mothership Core (Chrono Boost)  
  26  3:08  Probe (Chrono Boost)  
  27  3:19  Probe  
  28  3:31  Probe  
  29  3:36  Pylon  
  29  3:50  Pylon  
  29  3:51  Oracle  
  29  3:54  Probe (Chrono Boost)  
  34  3:56  Fleet Beacon  
  34  3:59  Probe (Chrono Boost)  
  35  4:03  Probe (Chrono Boost)  
  35  4:06  Probe (Chrono Boost)  
  35  4:09  Pylon  
  36  4:11  Probe  
  37  4:17  Probe  
  37  4:21  Carrier (Chrono Boost)  
  37  4:23  Probe (Chrono Boost)  
  39  4:26  Assimilator  
  39  4:30  Probe (Chrono Boost)  
  40  4:35  Probe (Chrono Boost)  
  41  4:40  Probe (Chrono Boost)  
  41  4:43  Probe (Chrono Boost)  
  49  4:47  Probe  
  49  4:52  Probe  
  51  4:59  Probe  
  52  5:04  Probe  
  53  5:11  Probe  
  54  5:16  Probe  
  55  5:21  Assimilator  
  55  5:23  Probe  
  55  5:27  Gateway  
  55  5:28  Pylon  
  57  5:33  Forge, Pylon, Protoss Air Weapons Level 1 (Chrono Boost)  
  57  5:34  Carrier (Chrono Boost)  
  57  5:35  Graviton Catapult  
  58  5:37  Gateway  
  62  5:50  Probe  
  63  6:05  Probe (Chrono Boost)  
  63  6:08  Protoss Ground Weapons Level 1 (Chrono Boost)  
  63  6:10  Probe (Chrono Boost)  
  65  6:13  Nexus  
  65  6:17  Pylon  
  65  6:18  Probe x2 (Chrono Boost)  
  67  6:25  Gateway  
  67  6:29  Twilight Council  
  67  6:31  Carrier (Chrono Boost)  
  67  6:32  Stargate  
  73  6:52  Adept  
  73  6:53  Adept, Zealot  
  79  6:54  Probe  
  79  6:57  Probe  
  81  7:13  Carrier (Chrono Boost)  
  81  7:15  Pylon  
  73  7:33  Assimilator  
  73  7:37  Carrier (Chrono Boost)  
  73  7:40  Photon Cannon  
  73  7:45  Shield Upgrade, Pylon  
  73  7:50  Probe  
  73  7:51  Probe  
  81  8:03  Probe  
  81  8:04  Pylon  
  82  8:05  Protoss Air Weapons Level 2 (Chrono Boost)  
  81  8:15  Carrier (Chrono Boost)  
  86  8:35  Probe (Chrono Boost), Pylon  
  86  8:37  Stalker, Gateway  
  86  8:38  Gateway, Zealot  
  86  8:39  Adept, Zealot  
  93  8:47  Probe (Chrono Boost)  
  86  8:51  Probe (Chrono Boost)  
  72  9:04  Adept  
  72  9:05  Adept x3  
  68  9:16  Probe  
  70  9:25  Void Ray (Chrono Boost)  
  70  9:41  Adept x3, Zealot  
  70  9:44  Probe (Chrono Boost)  
  75  9:50  Probe x2 (Chrono Boost)  
  57  10:12  Probe (Chrono Boost)  
  52  10:18  Probe (Chrono Boost)  
  52  10:25  Adept x2  
  52  10:26  Stalker, Zealot  
  52  10:27  Zealot  
  52  10:28  Zealot  
  63  10:31  Probe (Chrono Boost)  
  53  10:36  Probe (Chrono Boost)  
  36  10:46  Probe (Chrono Boost)  
  36  10:47  Probe (Chrono Boost)  
  26  10:58  Adept x3  
  32  11:06  Probe  
Show
View Real Time Build Order
Export as new Build Order

GaGou Zerg - Winner!

Build Orders: Hatch First 

Get SALT Encoding   

  12  0:01  Drone  
  13  0:12  Overlord  
  13  0:17  Drone  
  14  0:30  Drone x2  
  16  0:36  Drone  
  17  0:45  Drone  
  18  0:57  Hatchery  
  18  1:01  Drone  
  18  1:04  Extractor  
  17  1:12  Drone  
  18  1:22  Spawning Pool  
  18  1:23  Drone  
  18  1:32  Drone  
  19  1:48  Overlord  
  19  2:09  Queen x2  
  19  2:10  Metabolic Boost  
  19  2:12  Zergling x2  
  19  2:13  Zergling x4  
  26  2:17  Drone  
  26  2:21  Drone  
  28  2:32  Spore Crawler  
  26  2:43  Drone x4  
  30  2:51  Overlord, Queen  
  32  2:59  Drone x2  
  32  3:02  Spore Crawler  
  32  3:04  Drone  
  34  3:12  Zergling x2  
  35  3:23  Roach Warren  
  33  3:35  Drone x3  
  33  3:39  Drone x4  
  38  3:56  Drone x4  
  38  3:57  Overlord  
  38  4:01  Overlord  
  42  4:08  Evolution Chamber x2, Queen  
  42  4:16  Lair  
  42  4:18  Drone x2  
  44  4:25  Zergling x6  
  44  4:26  Zergling x2  
  48  4:34  Zerg Missile Weapons Level 1, Zerg Ground Armor Level 1  
  48  4:44  Extractor  
  47  4:46  Extractor  
  46  5:11  Drone x5  
  51  5:21  Drone x3, Extractor  
  53  5:30  Glial Reconstitution  
  53  5:31  Drone x2  
  55  5:44  Hatchery  
  55  5:46  Drone x3  
  55  6:02  Overlord x3  
  55  6:03  Overlord x2  
  55  6:12  Hatchery  
  54  6:23  Roach x4  
  54  6:24  Roach x6  
  74  6:32  Roach x4  
  88  6:33  Roach x3  
  88  6:34  Overlord  
  89  6:47  Ravager x4  
  89  6:49  Overlord x2  
  89  6:50  Overlord  
  92  7:00  Ravager x4  
  92  7:01  Ravager  
  97  7:04  Roach  
  97  7:05  Zergling x2  
  97  7:07  Overlord x4  
  98  7:34  Roach  
  98  7:35  Roach x13  
  114  7:48  Roach x2  
  112  8:09  Ravager x2  
  112  8:10  Ravager x2  
  116  8:14  Roach x3  
  116  8:15  Zergling x8  
  116  8:16  Zergling x8  
  124  8:29  Ravager  
  124  8:30  Ravager  
  116  8:35  Drone  
  116  8:36  Drone x2, Queen  
  98  9:05  Roach x10  
  98  9:06  Roach x2  
  118  9:12  Ravager x2  
  118  9:15  Ravager  
  121  9:21  Drone x3  
  121  9:22  Extractor x2  
  115  9:51  Ravager x5  
  113  9:58  Zergling x6  
  113  9:59  Zergling x16  
  94  10:32  Roach  
  94  10:33  Roach x12  
  112  10:35  Drone x2  
  112  10:36  Drone  
  90  11:00  Ravager x7  
  90  11:02  Ravager  
  97  11:05  Zergling x16  
  97  11:06  Zergling x18  
  111  11:21  Roach  
  111  11:22  Roach x3  
Tags
 
Add a new tag
Caveats
  • Supply blocks, unpowered buildings, or Contaminate may cause inaccurate times.
  • Supply counts are checked every 10 seconds.